Senateurs vs Blue Jackets
Created - 9 mars 2017 at 19:12
Goals
|
| Senateurs |
1 |
1 |
1 |
0 |
3 |
4 |
| Blue Jackets |
1 |
1 |
1 |
0 |
2 |
3 |
|
Shots
|
| Senateurs |
9 |
14 |
10 |
2 |
5 |
35 |
| Blue Jackets |
15 |
8 |
12 |
1 |
5 |
36 |
|
1st period
1. Blue Jackets , Martin Havlat 26 (Mike Lundin, Marcus Nilson) at 6:19
2. Senateurs , Gilbert Brule 33 (Thomas Vanek, Ondrej Pavelec) at 14:40 (PP)
Penalties :
Pavel Datsyuk (Clb) for Tripping (Minor) at 14:27
2nd period
3. Senateurs , B.J. Crombeen 15 (Dan Girardi) at 7:43 (PP)
4. Blue Jackets , Marcus Nilson 15 (Martin Havlat, Pavel Datsyuk) at 17:51
Penalties :
Dan Hamhuis (Ott) for Hooking (Minor) at 4:51, Vladimir Mihalik (Ott) for Tripping (Minor) at 4:58, Mike Commodore (Clb) for Holding (Minor) at 7:08, Brenden Morrow (Ott) for Hooking (Minor) at 8:35
3rd period
5. Senateurs , Brandon Dubinsky 9 (George Parros, Dan Hamhuis) at 4:15
6. Blue Jackets , Pavel Datsyuk 29 (Martin Havlat) at 11:00
Penalties :
Andreas Nodl (Clb) for Hooking (Minor) at 5:10, Mike Lundin (Clb) for Hooking (Minor) at 19:02
Overtime #1
No Goal
Penalties :
No Penalty
Shootout
Penalty Shot by Gilbert Brule for Senateurs - Shot Misses the Net
Penalty Shot by Patric Hornqvist for Blue Jackets - Goal!
Penalty Shot by Thomas Vanek for Senateurs - Goal!
Penalty Shot by Pavel Datsyuk for Blue Jackets - Stopped by Ondrej Pavelec
Penalty Shot by Brad Richards for Senateurs - Goal!
Penalty Shot by Martin Havlat for Blue Jackets - Goal!
Penalty Shot by Brenden Morrow for Senateurs - Shot Misses the Net
Penalty Shot by Marcus Nilson for Blue Jackets - Stopped by Ondrej Pavelec
Penalty Shot by Johan Franzen for Senateurs - Goal!
Penalty Shot by Mike York for Blue Jackets - Stopped by Ondrej Pavelec
Penalties :
No Penalty
Goalie Stats
Ondrej Pavelec (Ott), 33 saves from 36 shots - (0,917), W, 22-17-3, 65:00 minutes
Rick DiPietro (Clb), 32 saves from 35 shots - (0,914), OTL, 23-19-3, 65:00 minutes
Players Stats for Senateurs
Player Name G A P +/- PIM S H SB GA TA FO MP PP MP PK MP
------------------------------------------------------------------------------------
Andrew Ebbett 0 0 0 0 0 0 1 0 0 0 0/3 9:44 0:00 1:34
Andy McDonald 0 0 0 1 0 6 1 0 0 0 1/1 13:18 0:00 0:34
Arturs Kulda 0 0 0 -3 0 0 0 0 0 0 0/0 11:55 0:00 0:24
B.J. Crombeen 1 0 1 -2 0 2 2 1 0 0 0/0 16:49 1:34 0:00
Brad Richards 0 0 0 -2 0 5 3 0 1 0 8/20 18:42 1:34 0:25
Brandon Dubinsky 1 0 1 1 0 2 0 0 0 0 6/9 11:29 0:00 0:00
Brenden Morrow 0 0 0 -2 2 3 3 0 0 1 0/1 18:16 1:34 0:00
Carlo Colaiacovo 0 0 0 0 0 1 1 1 1 0 0/0 22:41 0:55 2:07
Dan Girardi 0 1 1 0 0 3 0 4 0 1 0/0 23:09 0:55 2:24
Dan Hamhuis 0 1 1 1 2 3 1 1 0 1 0/0 30:02 2:49 1:02
Darcy Hordichuk 0 0 0 0 0 1 1 0 1 0 0/0 8:13 0:00 0:00
George Parros 0 1 1 1 0 1 1 0 0 0 0/0 11:29 0:00 0:00
Gilbert Brule 1 0 1 -1 0 1 1 0 0 0 10/33 24:25 2:10 2:01
Johan Franzen 0 0 0 -1 0 0 3 0 0 0 0/0 20:17 2:10 0:00
Kurtis Foster 0 0 0 1 0 5 2 2 1 0 0/0 31:03 2:49 2:13
Milan Hejduk 0 0 0 0 0 0 0 1 0 0 0/0 6:59 0:00 0:00
Thomas Vanek 0 1 1 -1 0 2 2 1 0 0 0/1 23:52 2:10 1:37
Vladimir Mihalik 0 0 0 -3 2 0 0 1 0 2 0/0 11:37 0:00 0:06
Players Stats for Blue Jackets
Player Name G A P +/- PIM S H SB GA TA FO MP PP MP PK MP
------------------------------------------------------------------------------------
Andreas Nodl 0 0 0 0 2 7 0 0 1 0 2/2 13:22 0:06 0:00
Branislav Mezei 0 0 0 2 0 1 0 1 0 1 0/0 29:16 2:23 2:22
Brooks Orpik 0 0 0 -1 0 1 0 0 1 0 0/0 14:08 0:00 0:00
Cory Emmerton 0 0 0 -1 0 1 3 0 0 0 3/8 16:27 0:00 0:53
Dave Steckel 0 0 0 0 0 0 0 0 0 0 3/4 8:24 0:09 0:00
David Booth 0 0 0 -1 0 3 2 1 0 0 0/1 16:13 0:00 0:40
François Beauchemin 0 0 0 1 0 1 1 1 0 0 0/0 21:36 1:42 2:24
Jan Bulis 0 0 0 0 0 4 0 0 0 0 4/6 13:52 1:50 0:00
Jason Ward 0 0 0 0 0 2 1 0 0 0 0/0 7:14 0:06 0:00
Jeff Taffe 0 0 0 0 0 0 0 0 0 2 0/0 6:57 0:00 0:00
Kevin Bieksa 0 0 0 1 0 0 1 0 0 0 0/0 26:56 2:23 2:22
Marcus Nilson 1 1 2 3 0 4 2 0 1 1 1/1 21:52 2:06 0:51
Martin Havlat 1 2 3 3 0 1 3 0 0 0 2/4 21:32 1:50 0:51
Mike Commodore 0 0 0 -1 2 0 1 1 0 0 0/0 15:02 0:00 0:50
Mike Lundin 0 1 1 2 2 2 4 2 0 0 0/0 23:02 1:42 1:34
Mike York 0 0 0 0 0 1 4 0 0 0 0/0 13:52 1:50 0:00
Patric Hornqvist 0 0 0 -1 0 3 1 0 0 0 3/6 21:34 2:09 2:52
Pavel Datsyuk 1 1 2 3 2 5 0 1 2 0 25/36 23:51 2:09 2:23
3 Stars
1 - Martin Havlat (Clb)
2 - Marcus Nilson (Clb)
3 - Pavel Datsyuk (Clb)
Power Play
Senateurs - 2 on 4 Attempt(s) - 50,00%
Blue Jackets - 0 on 3 Attempt(s) - 0,00%
Penalty Kill
Senateurs - 3 on 3 Attempt(s) - 100,00%
- Score 0 goal in Penalty Kill
Blue Jackets - 2 on 4 Attempt(s) - 50,00%
- Score 0 goal in Penalty Kill
Team Stat
Senateurs - Hits : 22 - Faceoff Wins : 25 - Blocked Shots : 12 - Penalty Minutes : 6
Blue Jackets - Hits : 23 - Faceoff Wins : 43 - Blocked Shots : 7 - Penalty Minutes : 8
Official
Referees : Devorski Paul and StPierre Justin
Linesman : Steve Miller and Brian Mach
Game Notes
No Game Note
Finance
Level 1 -- Attendance: 4425 (73,75%) -- Ticket Income 398 250 $
Level 2 -- Attendance: 3495 (69,90%) -- Ticket Income 192 225 $
Level 3 -- Attendance: 2000 (100,00%) -- Ticket Income 60 000 $
Level 4 -- Attendance: 3596 (89,90%) -- Ticket Income 71 920 $
Luxury Box -- Attendance: 715 (71,50%) -- Ticket Income 132 275 $
Game was played at the Ohio State Arena.
Total Attendance: 14231 (79,06%)
Total Ticket Income: 854 670 $
Other Income: 128 200 $
Total Income: 982 870 $
Senateurs
5 vs 5 Forward
Center Left Wing Right Wing Time % Phy DF OF
1 Gilbert Brule Thomas Vanek Johan Franzen 40 1 2 2
2 Brad Richards Brenden Morrow B.J. Crombeen 30 1 2 2
3 Brandon Dubinsky Andy McDonald George Parros 20 1 2 2
4 Andrew Ebbett Darcy Hordichuk Milan Hejduk 10 1 2 2
5 vs 5 Defense
Defense Defense Time % Phy DF OF
1 Kurtis Foster Dan Hamhuis 40 1 2 2
2 Dan Girardi Carlo Colaiacovo 30 1 2 2
3 Arturs Kulda Vladimir Mihalik 20 1 2 2
4 Kurtis Foster Dan Hamhuis 10 1 2 2
PowerPlay Forward
Center Left Wing Right Wing Time % Phy DF OF
1 Gilbert Brule Thomas Vanek Johan Franzen 60 0 2 3
2 Brad Richards Brenden Morrow B.J. Crombeen 40 0 2 3
PowerPlay Defense
Defense Defense Time % Phy DF OF
1 Kurtis Foster Dan Hamhuis 60 0 2 3
2 Dan Girardi Carlo Colaiacovo 40 0 2 3
Penalty Kill 4 Players Forward
Center Wing Time % Phy DF OF
1 Gilbert Brule Thomas Vanek 60 1 2 2
2 Brad Richards Brenden Morrow 40 1 2 2
Penalty Kill 4 Players Defense
Defense Defense Time % Phy DF OF
1 Kurtis Foster Dan Hamhuis 60 1 2 2
2 Dan Girardi Carlo Colaiacovo 40 1 2 2
Penalty Kill - 3 Players Forward
Forward Time % Phy DF OF
1 Gilbert Brule 60 1 2 2
2 Thomas Vanek 40 1 2 2
Penalty Kill - 3 Players Defense
Defense Defense Time % Phy DF OF
1 Kurtis Foster Dan Hamhuis 60 1 2 2
2 Dan Girardi Carlo Colaiacovo 40 1 2 2
4 vs 4 Forward
Center Wing Time % Phy DF OF
1 Gilbert Brule Thomas Vanek 60 1 2 2
2 Brad Richards Brenden Morrow 40 1 2 2
4 vs 4 Defense
Defense Defense Time % Phy DF OF
1 Kurtis Foster Dan Hamhuis 60 1 2 2
2 Dan Girardi Carlo Colaiacovo 40 1 2 2
Last Minutes Offensive
Center Left Wing Right Wing Defense Defense
Gilbert Brule Thomas Vanek Johan Franzen Kurtis Foster Dan Hamhuis
Last Minutes Defensive
Center Left Wing Right Wing Defense Defense
Gilbert Brule Thomas Vanek Johan Franzen Kurtis Foster Dan Hamhuis
Goaltenders
Starting : Ondrej Pavelec
Backup : Jonas Gustavsson
Extra Forwards
Normal : Darcy Hordichuk, Andy McDonald, Andrew Ebbett - PP : Darcy Hordichuk, Andy McDonald - PK : Andrew Ebbett
Extra Defensemen
Normal : Dan Girardi, Vladimir Mihalik, Kurtis Foster - PP : Dan Girardi - PK : Vladimir Mihalik, Dan Girardi
Penalty Shots
Gilbert Brule, Thomas Vanek, Brad Richards, Brenden Morrow, Johan Franzen
Blue Jackets
5 vs 5 Forward
Center Left Wing Right Wing Time % Phy DF OF
1 Pavel Datsyuk Marcus Nilson Martin Havlat 40 1 2 2
2 Cory Emmerton David Booth Patric Hornqvist 30 1 2 2
3 Jan Bulis Mike York Andreas Nodl 20 1 2 2
4 Dave Steckel Jeff Taffe Jason Ward 10 1 2 2
5 vs 5 Defense
Defense Defense Time % Phy DF OF
1 Branislav Mezei Kevin Bieksa 40 1 2 2
2 Mike Lundin François Beauchemin 30 1 2 2
3 Brooks Orpik Mike Commodore 20 1 2 2
4 Mike Lundin Branislav Mezei 10 1 2 2
PowerPlay Forward
Center Left Wing Right Wing Time % Phy DF OF
1 Pavel Datsyuk Marcus Nilson Patric Hornqvist 60 1 2 2
2 Jan Bulis Mike York Martin Havlat 40 1 2 2
PowerPlay Defense
Defense Defense Time % Phy DF OF
1 Branislav Mezei Kevin Bieksa 60 1 2 2
2 Mike Lundin François Beauchemin 40 1 2 2
Penalty Kill 4 Players Forward
Center Wing Time % Phy DF OF
1 Patric Hornqvist Pavel Datsyuk 60 1 2 2
2 Martin Havlat Marcus Nilson 40 1 2 2
Penalty Kill 4 Players Defense
Defense Defense Time % Phy DF OF
1 Branislav Mezei Kevin Bieksa 60 1 2 2
2 Mike Lundin François Beauchemin 40 1 2 2
Penalty Kill - 3 Players Forward
Forward Time % Phy DF OF
1 Patric Hornqvist 60 1 2 2
2 Pavel Datsyuk 40 1 2 2
Penalty Kill - 3 Players Defense
Defense Defense Time % Phy DF OF
1 Branislav Mezei Kevin Bieksa 60 1 2 2
2 Mike Lundin François Beauchemin 40 1 2 2
4 vs 4 Forward
Center Wing Time % Phy DF OF
1 Patric Hornqvist Pavel Datsyuk 60 1 2 2
2 Martin Havlat Marcus Nilson 40 1 2 2
4 vs 4 Defense
Defense Defense Time % Phy DF OF
1 Branislav Mezei Kevin Bieksa 60 1 2 2
2 Mike Lundin François Beauchemin 40 1 2 2
Last Minutes Offensive
Center Left Wing Right Wing Defense Defense
Pavel Datsyuk Marcus Nilson Patric Hornqvist Branislav Mezei Kevin Bieksa
Last Minutes Defensive
Center Left Wing Right Wing Defense Defense
Pavel Datsyuk Marcus Nilson Patric Hornqvist Branislav Mezei Kevin Bieksa
Goaltenders
Starting : Rick DiPietro
Backup : Niklas Backstrom
Extra Forwards
Normal : Dave Steckel, Andreas Nodl, Cory Emmerton - PP : Dave Steckel, Andreas Nodl - PK : Cory Emmerton
Extra Defensemen
Normal : Brooks Orpik, Mike Commodore, Branislav Mezei - PP : Brooks Orpik - PK : Mike Commodore, Branislav Mezei
Penalty Shots
Patric Hornqvist, Pavel Datsyuk, Martin Havlat, Marcus Nilson, Mike York
% Time on Ice - Senateurs
Lines # - Real PCT - Wanted PCT - Time Play
Normal Forward
1 - 35% - 40% - 18:21
2 - 29% - 30% - 15:22
3 - 22% - 20% - 11:29
4 - 13% - 10% - 6:59
Normal Defense
1 - 39% - 40% - 20:18
2 - 34% - 30% - 17:52
3 - 20% - 20% - 10:26
4 - 7% - 10% - 3:35
PP Forward
1 - 58% - 60% - 2:10
2 - 42% - 40% - 1:34
PP Defense
1 - 75% - 60% - 2:49
2 - 25% - 40% - 0:55
PK Forward
1 - 81% - 60% - 1:48
2 - 19% - 40% - 0:25
PK Defense
1 - 52% - 60% - 1:09
2 - 48% - 40% - 1:04
PK3 Forward
1 - 79% - 60% - 1:28
2 - 21% - 40% - 0:24
PK3 Defense
1 - 79% - 60% - 1:28
2 - 21% - 40% - 0:24
44 Forward
1 - 73% - 60% - 3:39
2 - 27% - 40% - 1:21
44 Defense
1 - 64% - 60% - 3:13
2 - 36% - 40% - 1:47
Last Minute Offensive - 0:00
Last Minute Defensive - 0:00
Total
Forward - 65:00
Defense - 65:00
|
% Time on Ice - Blue Jackets
Lines # - Real PCT - Wanted PCT - Time Play
Normal Forward
1 - 35% - 40% - 18:05
2 - 29% - 30% - 15:07
3 - 23% - 20% - 12:02
4 - 13% - 10% - 6:57
Normal Defense
1 - 39% - 40% - 20:33
2 - 31% - 30% - 16:04
3 - 25% - 20% - 13:14
4 - 4% - 10% - 2:20
PP Forward
1 - 55% - 60% - 2:15
2 - 45% - 40% - 1:50
PP Defense
1 - 58% - 60% - 2:23
2 - 42% - 40% - 1:42
PK Forward
1 - 77% - 60% - 2:53
2 - 23% - 40% - 0:51
PK Defense
1 - 50% - 60% - 1:53
2 - 50% - 40% - 1:51
PK3 Forward
1 - 63% - 60% - 0:39
2 - 37% - 40% - 0:23
PK3 Defense
1 - 47% - 60% - 0:29
2 - 53% - 40% - 0:33
44 Forward
1 - 74% - 60% - 2:55
2 - 26% - 40% - 1:03
44 Defense
1 - 64% - 60% - 2:32
2 - 36% - 40% - 1:26
Last Minute Offensive - 0:00
Last Minute Defensive - 0:00
Total
Forward - 65:00
Defense - 65:00
|
Play by Play
1st period
0:01 of 1st period - Pavel Datsyuk wins face-off versus Gilbert Brule in neutral zone.
0:15 of 1st period - Wrist shot by Gilbert Brule.
0:15 of 1st period - Shot Misses the Net.
1:30 of 1st period - Snap shot by Andy McDonald.
1:30 of 1st period - Stopped by Rick DiPietro without a rebound.
1:31 of 1st period - Martin Havlat wins face-off versus Gilbert Brule in Blue Jackets zone.
1:42 of 1st period - Johan Franzen is hit by Marcus Nilson.
2:35 of 1st period - Wrist shot by Andreas Nodl.
2:35 of 1st period - Shot Blocked by Dan Hamhuis.
2:54 of 1st period - Wrist shot by Brenden Morrow.
2:54 of 1st period - Shot Misses the Net.
2:56 of 1st period - Slapshot by Dan Girardi.
2:56 of 1st period - Stopped by Rick DiPietro without a rebound.
2:57 of 1st period - Marcus Nilson wins face-off versus Brad Richards in Blue Jackets zone.
3:06 of 1st period - Brad Richards is hit by Martin Havlat and loses puck.
3:23 of 1st period - Dan Girardi is hit by Kevin Bieksa.
3:41 of 1st period - Off-side.
3:42 of 1st period - Brandon Dubinsky wins face-off versus Jan Bulis in neutral zone.
3:44 of 1st period - Dan Hamhuis is hit by Mike Lundin and loses puck.
4:07 of 1st period - Gilbert Brule is hit by Mike Lundin and loses puck.
4:14 of 1st period - Snap shot by Pavel Datsyuk.
4:14 of 1st period - Deflect By Marcus Nilson.
4:14 of 1st period - Shot Misses the Net.
4:14 of 1st period - Puck is out of play.
4:15 of 1st period - Gilbert Brule wins face-off versus Pavel Datsyuk in Senateurs zone.
4:49 of 1st period - Snap shot by Patric Hornqvist.
4:49 of 1st period - Stopped by Ondrej Pavelec without a rebound.
4:50 of 1st period - Brad Richards wins face-off versus Pavel Datsyuk in Senateurs zone.
4:57 of 1st period - Snap shot by Brenden Morrow.
4:57 of 1st period - Shot Misses the Net.
4:59 of 1st period - Snap shot by Dan Hamhuis.
4:59 of 1st period - Stopped by Rick DiPietro with a rebound.
5:01 of 1st period - Slapshot by Dan Hamhuis.
5:01 of 1st period - Stopped by Rick DiPietro with a rebound.
5:03 of 1st period - Slapshot by Kurtis Foster.
5:03 of 1st period - Deflect By Mike Lundin.
5:03 of 1st period - Stopped by Rick DiPietro with a rebound.
5:05 of 1st period - Slapshot by Kurtis Foster.
5:05 of 1st period - Shot Blocked by Pavel Datsyuk.
5:15 of 1st period - Snap shot by Marcus Nilson.
5:15 of 1st period - Stopped by Ondrej Pavelec with a rebound.
5:35 of 1st period - Wrist shot by Dave Steckel.
5:35 of 1st period - Deflect By Jason Ward.
5:35 of 1st period - Shot Misses the Net.
5:35 of 1st period - Puck is out of play.
5:36 of 1st period - Dave Steckel wins face-off versus Andrew Ebbett in Senateurs zone.
6:03 of 1st period - Icing by Dan Girardi.
6:04 of 1st period - Pavel Datsyuk wins face-off versus Gilbert Brule in Senateurs zone.
6:15 of 1st period - Snap shot by Marcus Nilson.
6:15 of 1st period - Shot Blocked by Vladimir Mihalik.
6:19 of 1st period - Snap shot by Martin Havlat.
6:19 of 1st period - Goal by Martin Havlat - Senateurs : 0 - Blue Jackets : 1.
6:20 of 1st period - Brad Richards wins face-off versus Cory Emmerton in neutral zone.
7:11 of 1st period - Wrist shot by Darcy Hordichuk.
7:11 of 1st period - Stopped by Rick DiPietro without a rebound.
7:12 of 1st period - Cory Emmerton wins face-off versus Andrew Ebbett in Blue Jackets zone.
7:16 of 1st period - Off-side.
7:17 of 1st period - Brad Richards wins face-off versus Cory Emmerton in neutral zone.
8:46 of 1st period - Patric Hornqvist is hit by Dan Hamhuis and loses puck.
9:15 of 1st period - Slapshot by Andreas Nodl.
9:15 of 1st period - Stopped by Ondrej Pavelec with a rebound.
10:38 of 1st period - Snap shot by Jan Bulis.
10:38 of 1st period - Stopped by Ondrej Pavelec without a rebound.
10:39 of 1st period - Pavel Datsyuk wins face-off versus Gilbert Brule in Senateurs zone.
11:04 of 1st period - Cory Emmerton is hit by Brad Richards and loses puck.
11:17 of 1st period - Kevin Bieksa is hit by B.J. Crombeen and loses puck.
11:48 of 1st period - Icing by Andreas Nodl.
11:49 of 1st period - Andreas Nodl wins face-off versus Gilbert Brule in Blue Jackets zone.
12:14 of 1st period - Backhand shot by Andreas Nodl.
12:14 of 1st period - Shot Misses the Net.
12:30 of 1st period - Snap shot by Andreas Nodl.
12:30 of 1st period - Shot Blocked by Dan Girardi.
12:32 of 1st period - Snap shot by Jan Bulis.
12:32 of 1st period - Stopped by Ondrej Pavelec with a rebound.
12:34 of 1st period - Snap shot by Jan Bulis.
12:34 of 1st period - Deflect By Andreas Nodl.
12:34 of 1st period - Stopped by Ondrej Pavelec without a rebound.
12:35 of 1st period - Pavel Datsyuk wins face-off versus Brad Richards in Senateurs zone.
12:40 of 1st period - Wrist shot by Pavel Datsyuk.
12:40 of 1st period - Stopped by Ondrej Pavelec with a rebound.
13:05 of 1st period - Slapshot by Patric Hornqvist.
13:05 of 1st period - Stopped by Ondrej Pavelec without a rebound.
13:06 of 1st period - Brandon Dubinsky wins face-off versus Cory Emmerton in Senateurs zone.
13:13 of 1st period - Wrist shot by David Booth.
13:13 of 1st period - Stopped by Ondrej Pavelec without a rebound.
13:14 of 1st period - Cory Emmerton wins face-off versus Brandon Dubinsky in Senateurs zone.
13:17 of 1st period - Snap shot by David Booth.
13:17 of 1st period - Stopped by Ondrej Pavelec with a rebound.
13:19 of 1st period - Snap shot by David Booth.
13:19 of 1st period - Shot Misses the Net.
13:21 of 1st period - Snap shot by Patric Hornqvist.
13:21 of 1st period - Stopped by Ondrej Pavelec with a rebound.
13:23 of 1st period - Slapshot by Mike Lundin.
13:23 of 1st period - Stopped by Ondrej Pavelec with a rebound.
13:25 of 1st period - Slapshot by Mike Lundin.
13:25 of 1st period - Shot Misses the Net.
13:27 of 1st period - Slapshot by Mike Lundin.
13:27 of 1st period - Stopped by Ondrej Pavelec with a rebound.
13:29 of 1st period - Wrist shot by David Booth.
13:29 of 1st period - Shot Blocked by Kurtis Foster.
14:02 of 1st period - Wrist shot by Brenden Morrow.
14:02 of 1st period - Stopped by Rick DiPietro with a rebound.
14:04 of 1st period - Snap shot by Brenden Morrow.
14:04 of 1st period - Stopped by Rick DiPietro without a rebound.
14:05 of 1st period - Pavel Datsyuk wins face-off versus Brad Richards in Blue Jackets zone.
14:27 of 1st period - Minor Penalty to Pavel Datsyuk for Tripping.
14:28 of 1st period - Patric Hornqvist wins face-off versus Gilbert Brule in Blue Jackets zone.
14:28 of 1st period - Patric Hornqvist is hit by Gilbert Brule.
14:40 of 1st period - Snap shot by Gilbert Brule.
14:40 of 1st period - Goal by Gilbert Brule - Senateurs : 1 - Blue Jackets : 1.
14:41 of 1st period - Pavel Datsyuk wins face-off versus Gilbert Brule in neutral zone.
15:28 of 1st period - Off-side.
15:29 of 1st period - Dave Steckel wins face-off versus Brandon Dubinsky in neutral zone.
15:36 of 1st period - Slapshot by Kevin Bieksa.
15:36 of 1st period - Shot Blocked by Carlo Colaiacovo.
15:38 of 1st period - Wrist shot by Jason Ward.
15:38 of 1st period - Shot Blocked by Dan Girardi.
16:53 of 1st period - Snap shot by Patric Hornqvist.
16:53 of 1st period - Deflect By David Booth.
16:53 of 1st period - Shot Blocked by Kurtis Foster.
16:53 of 1st period - Puck is out of play.
16:54 of 1st period - Jan Bulis wins face-off versus Gilbert Brule in Senateurs zone.
17:05 of 1st period - Thomas Vanek is hit by Mike Lundin.
18:47 of 1st period - Wrist shot by Brenden Morrow.
18:47 of 1st period - Shot Misses the Net.
18:49 of 1st period - Slapshot by Dan Hamhuis.
18:49 of 1st period - Shot Blocked by David Booth.
19:06 of 1st period - Mike Commodore is hit by Andy McDonald and loses puck.
19:23 of 1st period - Backhand shot by Andreas Nodl.
19:23 of 1st period - Stopped by Ondrej Pavelec with a rebound.
Goals for this period are 1 for Senateurs vs 1 for Blue Jackets.
Shots for this period are 9 for Senateurs vs 15 for Blue Jackets.
2nd period
0:01 of 2nd period - Martin Havlat wins face-off versus Gilbert Brule in neutral zone.
0:53 of 2nd period - Dan Hamhuis is hit by Mike Lundin and loses puck.
1:20 of 2nd period - Wrist shot by Darcy Hordichuk.
1:20 of 2nd period - Shot Misses the Net.
1:30 of 2nd period - Pavel Datsyuk is hit by Johan Franzen and loses puck.
1:37 of 2nd period - Slapshot by Thomas Vanek.
1:37 of 2nd period - Stopped by Rick DiPietro with a rebound.
1:39 of 2nd period - Slapshot by Vladimir Mihalik.
1:39 of 2nd period - Shot Blocked by Mike Commodore.
1:57 of 2nd period - Snap shot by Patric Hornqvist.
1:57 of 2nd period - Deflect By David Booth.
1:57 of 2nd period - Stopped by Ondrej Pavelec without a rebound.
1:58 of 2nd period - Pavel Datsyuk wins face-off versus Gilbert Brule in Senateurs zone.
2:01 of 2nd period - Slapshot by Pavel Datsyuk.
2:01 of 2nd period - Stopped by Ondrej Pavelec without a rebound.
2:02 of 2nd period - Gilbert Brule wins face-off versus Pavel Datsyuk in Senateurs zone.
2:34 of 2nd period - Slapshot by Brad Richards.
2:34 of 2nd period - Stopped by Rick DiPietro with a rebound.
3:38 of 2nd period - Slapshot by Branislav Mezei.
3:38 of 2nd period - Shot Blocked by Thomas Vanek.
3:57 of 2nd period - Icing by Carlo Colaiacovo.
3:58 of 2nd period - Cory Emmerton wins face-off versus Brad Richards in Senateurs zone.
4:01 of 2nd period - Slapshot by Cory Emmerton.
4:01 of 2nd period - Shot Misses the Net.
4:23 of 2nd period - Patric Hornqvist is hit by Brad Richards and loses puck.
4:31 of 2nd period - Off-side.
4:32 of 2nd period - Gilbert Brule wins face-off versus Pavel Datsyuk in neutral zone.
4:40 of 2nd period - Off-side.
4:41 of 2nd period - Pavel Datsyuk wins face-off versus Gilbert Brule in neutral zone.
4:51 of 2nd period - Minor Penalty to Dan Hamhuis for Hooking.
4:52 of 2nd period - Pavel Datsyuk wins face-off versus Gilbert Brule in Senateurs zone.
4:55 of 2nd period - Wrist shot by Pavel Datsyuk.
4:55 of 2nd period - Stopped by Ondrej Pavelec without a rebound.
4:56 of 2nd period - Gilbert Brule wins face-off versus Pavel Datsyuk in Senateurs zone.
4:58 of 2nd period - Minor Penalty to Vladimir Mihalik for Tripping.
4:59 of 2nd period - Pavel Datsyuk wins face-off versus Gilbert Brule in Senateurs zone.
6:51 of 2nd period - Penalty to Dan Hamhuis is over, Dan Hamhuis is back on ice.
6:58 of 2nd period - Penalty to Vladimir Mihalik is over, Vladimir Mihalik is back on ice.
7:08 of 2nd period - Minor Penalty to Mike Commodore for Holding.
7:09 of 2nd period - Patric Hornqvist wins face-off versus Gilbert Brule in Blue Jackets zone.
7:41 of 2nd period - Slapshot by Dan Girardi.
7:41 of 2nd period - Stopped by Rick DiPietro with a rebound.
7:43 of 2nd period - Snap shot by B.J. Crombeen.
7:43 of 2nd period - Goal by B.J. Crombeen - Senateurs : 2 - Blue Jackets : 1.
7:44 of 2nd period - Pavel Datsyuk wins face-off versus Gilbert Brule in neutral zone.
8:11 of 2nd period - Branislav Mezei is hit by George Parros and loses puck.
8:35 of 2nd period - Minor Penalty to Brenden Morrow for Hooking.
8:36 of 2nd period - Gilbert Brule wins face-off versus Pavel Datsyuk in Senateurs zone.
9:14 of 2nd period - Branislav Mezei is hit by Carlo Colaiacovo and loses puck.
9:49 of 2nd period - Dan Hamhuis is hit by Mike York and loses puck.
10:28 of 2nd period - Dan Girardi is hit by Martin Havlat and loses puck.
10:35 of 2nd period - Penalty to Brenden Morrow is over, Brenden Morrow is back on ice.
10:47 of 2nd period - Wrist shot by Brad Richards.
10:47 of 2nd period - Stopped by Rick DiPietro without a rebound.
10:48 of 2nd period - Brad Richards wins face-off versus Dave Steckel in Blue Jackets zone.
11:01 of 2nd period - Wrist shot by Brad Richards.
11:01 of 2nd period - Shot Misses the Net.
11:14 of 2nd period - Brandon Dubinsky is hit by Cory Emmerton and loses puck.
11:43 of 2nd period - Slapshot by Darcy Hordichuk.
11:43 of 2nd period - Shot Misses the Net.
12:04 of 2nd period - Snap shot by Brad Richards.
12:04 of 2nd period - Shot Misses the Net.
12:06 of 2nd period - Slapshot by Dan Hamhuis.
12:06 of 2nd period - Stopped by Rick DiPietro with a rebound.
12:24 of 2nd period - Snap shot by Andy McDonald.
12:24 of 2nd period - Stopped by Rick DiPietro without a rebound.
12:25 of 2nd period - Andreas Nodl wins face-off versus Gilbert Brule in Blue Jackets zone.
12:36 of 2nd period - Slapshot by Thomas Vanek.
12:36 of 2nd period - Shot Blocked by Mike Lundin.
12:38 of 2nd period - Slapshot by Johan Franzen.
12:38 of 2nd period - Shot Misses the Net.
12:40 of 2nd period - Slapshot by Dan Girardi.
12:40 of 2nd period - Stopped by Rick DiPietro without a rebound.
12:41 of 2nd period - Brad Richards wins face-off versus Pavel Datsyuk in Blue Jackets zone.
13:07 of 2nd period - Patric Hornqvist is hit by Thomas Vanek and loses puck.
13:28 of 2nd period - Kurtis Foster is hit by Mike Commodore and loses puck.
13:35 of 2nd period - Dan Hamhuis is hit by Mike York and loses puck.
14:05 of 2nd period - Marcus Nilson is hit by Brenden Morrow and loses puck.
14:53 of 2nd period - Wrist shot by Andy McDonald.
14:53 of 2nd period - Stopped by Rick DiPietro without a rebound.
14:54 of 2nd period - Jan Bulis wins face-off versus Brad Richards in Blue Jackets zone.
14:54 of 2nd period - Jan Bulis is hit by Brenden Morrow.
15:14 of 2nd period - Wrist shot by Andreas Nodl.
15:14 of 2nd period - Stopped by Ondrej Pavelec with a rebound.
15:24 of 2nd period - Slapshot by Mike York.
15:24 of 2nd period - Stopped by Ondrej Pavelec with a rebound.
15:26 of 2nd period - Snap shot by Jan Bulis.
15:26 of 2nd period - Shot Misses the Net.
15:28 of 2nd period - Wrist shot by Jan Bulis.
15:28 of 2nd period - Shot Misses the Net.
15:30 of 2nd period - Slapshot by Kevin Bieksa.
15:30 of 2nd period - Shot Misses the Net.
15:32 of 2nd period - Wrist shot by Andreas Nodl.
15:32 of 2nd period - Shot Misses the Net.
15:34 of 2nd period - Backhand shot by Jan Bulis.
15:34 of 2nd period - Stopped by Ondrej Pavelec without a rebound.
15:35 of 2nd period - Pavel Datsyuk wins face-off versus Brad Richards in Senateurs zone.
16:00 of 2nd period - Cory Emmerton is hit by Johan Franzen and loses puck.
16:23 of 2nd period - Brandon Dubinsky is hit by François Beauchemin and loses puck.
17:39 of 2nd period - Wrist shot by Andy McDonald.
17:39 of 2nd period - Stopped by Rick DiPietro with a rebound.
17:41 of 2nd period - Snap shot by George Parros.
17:41 of 2nd period - Deflect By Andy McDonald.
17:41 of 2nd period - Stopped by Rick DiPietro with a rebound.
17:43 of 2nd period - Snap shot by Brandon Dubinsky.
17:43 of 2nd period - Shot Misses the Net.
17:45 of 2nd period - Wrist shot by Kurtis Foster.
17:45 of 2nd period - Stopped by Rick DiPietro without a rebound.
17:46 of 2nd period - Pavel Datsyuk wins face-off versus Brad Richards in Blue Jackets zone.
17:51 of 2nd period - Snap shot by Marcus Nilson.
17:51 of 2nd period - Goal by Marcus Nilson - Senateurs : 2 - Blue Jackets : 2.
17:52 of 2nd period - Pavel Datsyuk wins face-off versus Gilbert Brule in neutral zone.
18:00 of 2nd period - Branislav Mezei is hit by Kurtis Foster and loses puck.
18:05 of 2nd period - Backhand shot by Martin Havlat.
18:05 of 2nd period - Shot Misses the Net.
18:07 of 2nd period - Backhand shot by Branislav Mezei.
18:07 of 2nd period - Stopped by Ondrej Pavelec without a rebound.
18:08 of 2nd period - Brad Richards wins face-off versus Cory Emmerton in Senateurs zone.
18:08 of 2nd period - Brad Richards is hit by Cory Emmerton.
18:20 of 2nd period - Branislav Mezei is hit by B.J. Crombeen and loses puck.
18:41 of 2nd period - Slapshot by Carlo Colaiacovo.
18:41 of 2nd period - Stopped by Rick DiPietro without a rebound.
18:42 of 2nd period - Pavel Datsyuk wins face-off versus Gilbert Brule in Blue Jackets zone.
18:44 of 2nd period - Icing by François Beauchemin.
18:45 of 2nd period - Pavel Datsyuk wins face-off versus Thomas Vanek in Blue Jackets zone.
19:26 of 2nd period - Gilbert Brule is hit by Mike York and loses puck.
19:39 of 2nd period - Wrist shot by Brad Richards.
19:39 of 2nd period - Shot Misses the Net.
19:41 of 2nd period - Slapshot by Kurtis Foster.
19:41 of 2nd period - Stopped by Rick DiPietro with a rebound.
Goals for this period are 1 for Senateurs vs 1 for Blue Jackets.
Shots for this period are 14 for Senateurs vs 8 for Blue Jackets.
3rd period
0:01 of 3rd period - Pavel Datsyuk wins face-off versus Gilbert Brule in neutral zone.
0:09 of 3rd period - Snap shot by Martin Havlat.
0:09 of 3rd period - Shot Misses the Net.
0:25 of 3rd period - David Booth is hit by Kurtis Foster and loses puck.
0:55 of 3rd period - Icing by Carlo Colaiacovo.
0:56 of 3rd period - Brandon Dubinsky wins face-off versus Pavel Datsyuk in Senateurs zone.
2:10 of 3rd period - Snap shot by Milan Hejduk.
2:10 of 3rd period - Shot Blocked by Branislav Mezei.
2:12 of 3rd period - Slapshot by Kurtis Foster.
2:12 of 3rd period - Stopped by Rick DiPietro with a rebound.
2:26 of 3rd period - Kevin Bieksa is hit by Johan Franzen and loses puck.
3:28 of 3rd period - Icing by Vladimir Mihalik.
3:29 of 3rd period - Pavel Datsyuk wins face-off versus Brad Richards in Senateurs zone.
3:40 of 3rd period - Wrist shot by B.J. Crombeen.
3:40 of 3rd period - Stopped by Rick DiPietro without a rebound.
3:41 of 3rd period - Pavel Datsyuk wins face-off versus Gilbert Brule in Blue Jackets zone.
4:13 of 3rd period - Wrist shot by George Parros.
4:13 of 3rd period - Shot Misses the Net.
4:15 of 3rd period - Wrist shot by Brandon Dubinsky.
4:15 of 3rd period - Goal by Brandon Dubinsky - Senateurs : 3 - Blue Jackets : 2.
4:16 of 3rd period - Gilbert Brule wins face-off versus Pavel Datsyuk in neutral zone.
4:25 of 3rd period - Snap shot by Thomas Vanek.
4:25 of 3rd period - Shot Misses the Net.
4:43 of 3rd period - Dan Hamhuis is hit by David Booth and loses puck.
5:02 of 3rd period - Backhand shot by Mike Lundin.
5:02 of 3rd period - Deflect By Andreas Nodl.
5:02 of 3rd period - Shot Misses the Net.
5:02 of 3rd period - Puck is out of play.
5:03 of 3rd period - Brandon Dubinsky wins face-off versus Jan Bulis in Senateurs zone.
5:03 of 3rd period - Brandon Dubinsky is hit by Mike York.
5:10 of 3rd period - Minor Penalty to Andreas Nodl for Hooking.
5:11 of 3rd period - Gilbert Brule wins face-off versus Patric Hornqvist in Blue Jackets zone.
5:24 of 3rd period - Wrist shot by Thomas Vanek.
5:24 of 3rd period - Stopped by Rick DiPietro with a rebound.
5:26 of 3rd period - Snap shot by Kurtis Foster.
5:26 of 3rd period - Stopped by Rick DiPietro with a rebound.
5:44 of 3rd period - Slapshot by Brad Richards.
5:44 of 3rd period - Stopped by Rick DiPietro with a rebound.
7:10 of 3rd period - Penalty to Andreas Nodl is over, Andreas Nodl is back on ice.
7:21 of 3rd period - Mike Commodore is hit by Darcy Hordichuk and loses puck.
7:38 of 3rd period - Snap shot by Dave Steckel.
7:38 of 3rd period - Shot Misses the Net.
7:40 of 3rd period - Slapshot by Branislav Mezei.
7:40 of 3rd period - Shot Blocked by Dan Girardi.
7:42 of 3rd period - Wrist shot by Jason Ward.
7:42 of 3rd period - Stopped by Ondrej Pavelec without a rebound.
7:43 of 3rd period - Dave Steckel wins face-off versus Brandon Dubinsky in Senateurs zone.
7:46 of 3rd period - Snap shot by Jason Ward.
7:46 of 3rd period - Stopped by Ondrej Pavelec without a rebound.
7:47 of 3rd period - Brandon Dubinsky wins face-off versus Martin Havlat in Senateurs zone.
7:54 of 3rd period - Snap shot by Marcus Nilson.
7:54 of 3rd period - Stopped by Ondrej Pavelec with a rebound.
8:35 of 3rd period - Off-side.
8:36 of 3rd period - Jan Bulis wins face-off versus Andrew Ebbett in neutral zone.
8:43 of 3rd period - Snap shot by Mike York.
8:43 of 3rd period - Shot Blocked by Milan Hejduk.
8:45 of 3rd period - Slapshot by Branislav Mezei.
8:45 of 3rd period - Shot Misses the Net.
8:47 of 3rd period - Wrist shot by Andreas Nodl.
8:47 of 3rd period - Shot Misses the Net.
10:52 of 3rd period - Snap shot by Pavel Datsyuk.
10:52 of 3rd period - Stopped by Ondrej Pavelec without a rebound.
10:53 of 3rd period - Pavel Datsyuk wins face-off versus Brenden Morrow in Senateurs zone.
11:00 of 3rd period - Wrist shot by Pavel Datsyuk.
11:00 of 3rd period - Goal by Pavel Datsyuk - Senateurs : 3 - Blue Jackets : 3.
11:01 of 3rd period - Pavel Datsyuk wins face-off versus Gilbert Brule in neutral zone.
11:44 of 3rd period - Snap shot by Thomas Vanek.
11:44 of 3rd period - Shot Blocked by Mike Lundin.
11:46 of 3rd period - Slapshot by Dan Hamhuis.
11:46 of 3rd period - Deflect By Gilbert Brule.
11:46 of 3rd period - Shot Misses the Net.
11:46 of 3rd period - Puck is out of play.
11:47 of 3rd period - Pavel Datsyuk wins face-off versus Brad Richards in Blue Jackets zone.
11:58 of 3rd period - Snap shot by Pavel Datsyuk.
11:58 of 3rd period - Shot Misses the Net.
12:12 of 3rd period - Carlo Colaiacovo is hit by David Booth and loses puck.
12:36 of 3rd period - Off-side.
12:37 of 3rd period - Jan Bulis wins face-off versus Gilbert Brule in neutral zone.
12:49 of 3rd period - Slapshot by François Beauchemin.
12:49 of 3rd period - Stopped by Ondrej Pavelec with a rebound.
12:55 of 3rd period - Wrist shot by Andreas Nodl.
12:55 of 3rd period - Stopped by Ondrej Pavelec with a rebound.
12:57 of 3rd period - Snap shot by Jan Bulis.
12:57 of 3rd period - Stopped by Ondrej Pavelec without a rebound.
12:58 of 3rd period - Brad Richards wins face-off versus Pavel Datsyuk in Senateurs zone.
12:58 of 3rd period - Brad Richards is hit by Martin Havlat.
13:05 of 3rd period - Off-side.
13:06 of 3rd period - Pavel Datsyuk wins face-off versus Brad Richards in neutral zone.
13:31 of 3rd period - Slapshot by Cory Emmerton.
13:31 of 3rd period - Stopped by Ondrej Pavelec with a rebound.
13:33 of 3rd period - Slapshot by Brooks Orpik.
13:33 of 3rd period - Stopped by Ondrej Pavelec without a rebound.
13:34 of 3rd period - Gilbert Brule wins face-off versus Cory Emmerton in Senateurs zone.
13:34 of 3rd period - Gilbert Brule is hit by Cory Emmerton.
14:22 of 3rd period - Snap shot by Andreas Nodl.
14:22 of 3rd period - Shot Misses the Net.
14:46 of 3rd period - Off-side.
14:47 of 3rd period - Pavel Datsyuk wins face-off versus Gilbert Brule in neutral zone.
15:14 of 3rd period - George Parros is hit by Patric Hornqvist and loses puck.
15:42 of 3rd period - Wrist shot by Mike York.
15:42 of 3rd period - Shot Blocked by B.J. Crombeen.
15:44 of 3rd period - Snap shot by Jan Bulis.
15:44 of 3rd period - Deflect By Andreas Nodl.
15:44 of 3rd period - Stopped by Ondrej Pavelec without a rebound.
15:45 of 3rd period - Pavel Datsyuk wins face-off versus Brad Richards in Senateurs zone.
16:06 of 3rd period - Snap shot by Brad Richards.
16:06 of 3rd period - Stopped by Rick DiPietro without a rebound.
16:07 of 3rd period - Andy McDonald wins face-off versus David Booth in Blue Jackets zone.
16:10 of 3rd period - Slapshot by Brandon Dubinsky.
16:10 of 3rd period - Stopped by Rick DiPietro with a rebound.
16:12 of 3rd period - Slapshot by Dan Girardi.
16:12 of 3rd period - Shot Misses the Net.
16:14 of 3rd period - Snap shot by George Parros.
16:14 of 3rd period - Deflect By François Beauchemin.
16:14 of 3rd period - Stopped by Rick DiPietro without a rebound.
16:15 of 3rd period - Brandon Dubinsky wins face-off versus Pavel Datsyuk in Blue Jackets zone.
16:16 of 3rd period - Wrist shot by Andy McDonald.
16:16 of 3rd period - Stopped by Rick DiPietro with a rebound.
16:18 of 3rd period - Snap shot by Andy McDonald.
16:18 of 3rd period - Shot Blocked by François Beauchemin.
16:28 of 3rd period - Andy McDonald is hit by Marcus Nilson and loses puck.
16:37 of 3rd period - Snap shot by George Parros.
16:37 of 3rd period - Shot Misses the Net.
17:08 of 3rd period - Wrist shot by Patric Hornqvist.
17:08 of 3rd period - Shot Blocked by Dan Girardi.
17:18 of 3rd period - Gilbert Brule is hit by Jason Ward and loses puck.
18:03 of 3rd period - Snap shot by Andreas Nodl.
18:03 of 3rd period - Stopped by Ondrej Pavelec with a rebound.
18:23 of 3rd period - Kevin Bieksa is hit by Andrew Ebbett and loses puck.
19:02 of 3rd period - Minor Penalty to Mike Lundin for Hooking.
19:03 of 3rd period - Brad Richards wins face-off versus Patric Hornqvist in Blue Jackets zone.
19:34 of 3rd period - Branislav Mezei is hit by Thomas Vanek and loses puck.
Goals for this period are 1 for Senateurs vs 1 for Blue Jackets.
Shots for this period are 10 for Senateurs vs 12 for Blue Jackets.
Overtime #1
0:01 of 1st overtime period - Gilbert Brule wins face-off versus Patric Hornqvist in neutral zone.
0:53 of 1st overtime period - Slapshot by Brenden Morrow.
0:53 of 1st overtime period - Stopped by Rick DiPietro with a rebound.
1:02 of 1st overtime period - Penalty to Mike Lundin is over, Mike Lundin is back on ice.
2:00 of 1st overtime period - Andreas Nodl is hit by Brad Richards and loses puck.
2:34 of 1st overtime period - Slapshot by Marcus Nilson.
2:34 of 1st overtime period - Stopped by Ondrej Pavelec with a rebound.
3:20 of 1st overtime period - François Beauchemin is hit by Brenden Morrow and loses puck.
4:24 of 1st overtime period - Snap shot by Brad Richards.
4:24 of 1st overtime period - Stopped by Rick DiPietro without a rebound.
4:25 of 1st overtime period - Patric Hornqvist wins face-off versus Brad Richards in Blue Jackets zone.
4:47 of 1st overtime period - Icing by Kevin Bieksa.
4:48 of 1st overtime period - Gilbert Brule wins face-off versus Martin Havlat in Blue Jackets zone.
Goals for this period are 0 for Senateurs vs 0 for Blue Jackets.
Shots for this period are 2 for Senateurs vs 1 for Blue Jackets.
ShootOut
5:00 of 1st overtime period - Penalty Shot by Gilbert Brule for Senateurs.
5:00 of 1st overtime period - Wrist shot by Gilbert Brule.
5:00 of 1st overtime period - Shot Misses the Net.
5:00 of 1st overtime period - Penalty Shot by Patric Hornqvist for Blue Jackets.
5:00 of 1st overtime period - Deke by Patric Hornqvist.
5:00 of 1st overtime period - Goal by Patric Hornqvist.
5:00 of 1st overtime period - Penalty Shot by Thomas Vanek for Senateurs.
5:00 of 1st overtime period - Snap shot by Thomas Vanek.
5:00 of 1st overtime period - Goal by Thomas Vanek.
5:00 of 1st overtime period - Penalty Shot by Pavel Datsyuk for Blue Jackets.
5:00 of 1st overtime period - Deke by Pavel Datsyuk.
5:00 of 1st overtime period - Stopped by Ondrej Pavelec.
5:00 of 1st overtime period - Penalty Shot by Brad Richards for Senateurs.
5:00 of 1st overtime period - Deke by Brad Richards.
5:00 of 1st overtime period - Goal by Brad Richards.
5:00 of 1st overtime period - Penalty Shot by Martin Havlat for Blue Jackets.
5:00 of 1st overtime period - Wrist shot by Martin Havlat.
5:00 of 1st overtime period - Goal by Martin Havlat.
5:00 of 1st overtime period - Penalty Shot by Brenden Morrow for Senateurs.
5:00 of 1st overtime period - Wrist shot by Brenden Morrow.
5:00 of 1st overtime period - Shot Misses the Net.
5:00 of 1st overtime period - Penalty Shot by Marcus Nilson for Blue Jackets.
5:00 of 1st overtime period - Deke by Marcus Nilson.
5:00 of 1st overtime period - Stopped by Ondrej Pavelec.
5:00 of 1st overtime period - Penalty Shot by Johan Franzen for Senateurs.
5:00 of 1st overtime period - Deke by Johan Franzen.
5:00 of 1st overtime period - Goal by Johan Franzen.
5:00 of 1st overtime period - Penalty Shot by Mike York for Blue Jackets.
5:00 of 1st overtime period - Snap shot by Mike York.
5:00 of 1st overtime period - Stopped by Ondrej Pavelec.
Back to the Top